3512 views
Uploaded 2020-04-18 12:38:13
Game version 1.32.3
11:11 long 2on2 ladder game on (6)GnollWood
Saved by zebroni
3512 views
Uploaded 2020-04-18 12:38:13
Game version 1.32.3
11:11 long 2on2 ladder game on (6)GnollWood
/ 0.7k
20 buildings @ 3.5k
/ 1.2k


| Wisp | 11 | 660 | / | 0 |
| Huntress | 1 | 195 | / | 20 |
| Archer | 13 | 1690 | / | 130 |
| Druid of the Talon | 8 | 1160 | / | 160 |
| total: | 33 | 3705g | / | 310w |
| Altar of Elders | 2 | 360 | / | 100 |
| Moon Well | 4 | 720 | / | 160 |
| Hunter's Hall | 1 | 210 | / | 100 |
| Ancient of War | 2 | 300 | / | 120 |
| Ancient of Wind | 1 | 150 | / | 140 |
| Tree of Ages | 1 | 320 | / | 180 |
| total: | 10 | 1740g | / | 620w |
| 0:02 | Altar of Elders |
| 0:02 | Wisp |
| 0:03 | Wisp |
| 0:05 | Altar of Elders |
| 0:18 | Moon Well |
| 0:21 | Wisp |
| 0:21 | Wisp |
| 0:45 | Wisp |
| 1:02 | Wisp |
| 1:02 | Wisp |
| 1:29 | Wisp |
| 1:43 | Hunter's Hall |
| 1:49 | Ancient of War |
| 2:03 | Wisp |
| 2:07 | Moon Well |
| 2:08 | Trueshot Aura |
| 2:19 | Wisp |
| 2:19 | Wisp |
| 2:53 | Tree of Ages |
| 3:07 | Huntress |
| 3:16 | Ancient of War |
| 3:30 | Ultravision |
| 3:54 | Archer |
| 4:40 | Archer |
| 4:42 | Moon Well |
| 5:10 | Archer |
| 5:11 | Strength of the Moon |
| 5:16 | Improved Bows |
| 5:34 | Ancient of Wind |
| 5:43 | Healing Spray |
| 5:50 | Moon Well |
| 6:21 | Improved Strength of the Moon |
| 6:46 | Archer |
| 6:48 | Druid of the Talon |
| 6:49 | Druid of the Talon |
| 7:14 | Druid of the Talon |
| 7:17 | Archer |
| 7:22 | Searing Arrows |
| 7:38 | Archer |
| 7:44 | Acid Bomb |
| 7:58 | Archer |
| 7:59 | Archer |
| 8:04 | Druid of the Talon |
| 8:04 | Druid of the Talon |
| 8:56 | Druid of the Talon |
| 8:56 | Archer |
| 9:09 | Archer |
| 9:12 | Trueshot Aura |
| 9:23 | Healing Spray |
| 9:39 | Druid of the Talon |
| 9:41 | Archer |
| 10:30 | Druid of the Talon |
| 10:31 | Archer |
| 10:50 | Archer |
| 10:57 | Searing Arrows |
| 11:09 | Acid Bomb |

| Wisp | 13 | 780 | / | 0 |
| Huntress | 18 | 3510 | / | 360 |
| total: | 31 | 4290g | / | 360w |
| Ancient Protector | 1 | 135 | / | 80 |
| Altar of Elders | 1 | 180 | / | 50 |
| Moon Well | 5 | 900 | / | 200 |
| Hunter's Hall | 1 | 210 | / | 100 |
| Ancient of War | 2 | 300 | / | 120 |
| Tree of Ages | 1 | 320 | / | 180 |
| total: | 10 | 1725g | / | 550w |
| 0:01 | Wisp |
| 0:04 | Altar of Elders |
| 0:06 | Wisp |
| 0:16 | Moon Well |
| 0:23 | Wisp |
| 0:23 | Wisp |
| 0:23 | Wisp |
| 0:36 | Wisp |
| 0:36 | Wisp |
| 0:36 | Wisp |
| 0:47 | Wisp |
| 0:47 | Wisp |
| 0:48 | Wisp |
| 1:43 | Hunter's Hall |
| 1:52 | Ancient of War |
| 1:55 | Wisp |
| 1:58 | Moon Well |
| 2:06 | Entangling Roots |
| 2:13 | Wisp |
| 2:15 | Ancient of War |
| 2:50 | Moon Well |
| 3:04 | Huntress |
| 3:12 | Moon Well |
| 3:14 | Strength of the Moon |
| 3:18 | Huntress |
| 3:33 | Huntress |
| 3:42 | Sentinel |
| 4:15 | Huntress |
| 4:20 | Ultravision |
| 4:34 | Huntress |
| 4:46 | Huntress |
| 5:16 | Huntress |
| 5:35 | Huntress |
| 5:39 | Moon Well |
| 5:40 | Moon Armor |
| 6:37 | Huntress |
| 6:52 | Huntress |
| 6:56 | Huntress |
| 6:56 | Huntress |
| 7:40 | Tree of Ages |
| 7:47 | Ancient Protector |
| 8:10 | Huntress |
| 8:30 | Force of Nature |
| 9:02 | Huntress |
| 9:02 | Huntress |
| 10:16 | Huntress |
| 10:16 | Huntress |
| 10:17 | Moon Glaive |
| 10:47 | Entangling Roots |
| 10:50 | Huntress |
| 10:53 | Improved Strength of the Moon |
46 units @ 6.8k
/ 0.7k
19 buildings @ 3.1k
/ 1.1k

| Potion of Healing | 1 | 150 |
| Scroll of Town Portal | 3 | 1050 |
| Rod of Necromancy | 2 | 300 |
| total: | 6 | 1500g |
| Wisp | 13 | 780 | / | 0 |
| Huntress | 16 | 3120 | / | 320 |
| total: | 29 | 3900g | / | 320w |
| Altar of Elders | 1 | 180 | / | 50 |
| Moon Well | 4 | 720 | / | 160 |
| Ancient of War | 2 | 300 | / | 120 |
| Hunter's Hall | 1 | 210 | / | 100 |
| Ancient of Wonders | 1 | 90 | / | 30 |
| total: | 9 | 1500g | / | 460w |
| 0:03 | Wisp |
| 0:03 | Wisp |
| 0:14 | Altar of Elders |
| 0:19 | Moon Well |
| 0:21 | Wisp |
| 0:22 | Wisp |
| 0:43 | Wisp |
| 0:58 | Wisp |
| 0:58 | Wisp |
| 0:58 | Wisp |
| 1:06 | Wisp |
| 1:06 | Wisp |
| 1:54 | Wisp |
| 1:54 | Wisp |
| 1:58 | Ancient of War |
| 2:05 | Hunter's Hall |
| 2:10 | Moon Well |
| 2:30 | Entangling Roots |
| 2:50 | Ancient of War |
| 2:54 | Wisp |
| 2:57 | Moon Well |
| 3:09 | Huntress |
| 3:36 | Huntress |
| 3:57 | Huntress |
| 4:22 | Huntress |
| 4:26 | Moon Well |
| 4:50 | Huntress |
| 5:23 | Huntress |
| 5:36 | Ancient of Wonders |
| 5:45 | Ultravision |
| 6:17 | Huntress |
| 6:38 | Huntress |
| 6:46 | Force of Nature |
| 7:15 | Huntress |
| 7:45 | Scroll of Town Portal |
| 7:45 | Scroll of Town Portal |
| 7:46 | Scroll of Town Portal |
| 8:43 | Huntress |
| 8:43 | Huntress |
| 8:51 | Force of Nature |
| 9:32 | Huntress |
| 9:50 | Huntress |
| 10:26 | Potion of Healing |
| 10:34 | Huntress |
| 10:34 | Huntress |
| 10:48 | Rod of Necromancy |
| 10:48 | Rod of Necromancy |
| 10:54 | Huntress |


| Rod of Necromancy | 2 | 300 |
| Potion of Healing | 2 | 300 |
| total: | 4 | 600g |
| Acolyte | 2 | 150 | / | 0 |
| Ghoul | 5 | 600 | / | 0 |
| Crypt Fiend | 8 | 1720 | / | 320 |
| Obsidian Statue | 2 | 400 | / | 70 |
| total: | 17 | 2870g | / | 390w |
| Nerubian Tower | 1 | 100 | / | 20 |
| Spirit Tower | 1 | 145 | / | 40 |
| Altar of Darkness | 1 | 180 | / | 50 |
| Ziggurat | 4 | 600 | / | 200 |
| Crypt | 1 | 200 | / | 50 |
| Graveyard | 1 | 215 | / | 0 |
| Tomb of Relics | 1 | 130 | / | 30 |
| Slaughterhouse | 2 | 280 | / | 270 |
| Halls of the Dead | 1 | 320 | / | 210 |
| Black Citadel | 1 | 325 | / | 230 |
| total: | 10 | 1605g | / | 600w |
| 0:03 | Acolyte |
| 0:03 | Acolyte |
| 0:11 | Altar of Darkness |
| 0:16 | Ziggurat |
| 0:22 | Crypt |
| 0:49 | Graveyard |
| 1:05 | Tomb of Relics |
| 1:19 | Ziggurat |
| 1:30 | Ghoul |
| 1:31 | Ghoul |
| 1:31 | Ghoul |
| 1:31 | Ghoul |
| 1:43 | Ghoul |
| 2:11 | Crypt Fiend |
| 2:33 | Rod of Necromancy |
| 2:38 | Death Coil |
| 2:48 | Nerubian Tower |
| 3:08 | Halls of the Dead |
| 3:29 | Crypt Fiend |
| 3:45 | Crypt Fiend |
| 4:45 | Crypt Fiend |
| 4:47 | Ziggurat |
| 5:40 | Slaughterhouse |
| 6:14 | Potion of Healing |
| 6:17 | Crypt Fiend |
| 6:21 | Slaughterhouse |
| 6:56 | Frost Nova |
| 7:41 | Unholy Aura |
| 7:48 | Obsidian Statue |
| 7:48 | Obsidian Statue |
| 7:50 | Crypt Fiend |
| 7:53 | Ziggurat |
| 8:39 | Frost Armor |
| 9:16 | Frost Nova |
| 9:28 | Crypt Fiend |
| 9:36 | Rod of Necromancy |
| 9:37 | Black Citadel |
| 9:43 | Crypt Fiend |
| 9:52 | Potion of Healing |
| 9:58 | Spirit Tower |